 Dungeon Crawl Stone Soup version 0.28.0 (webtiles) character file.

Game seed: 11287410010909640362

56 Kaptain the Digger (level 3, -1/22 HPs)
             Began as an Octopode Earth Elementalist on Feb 17, 2022.
             Slain by a gnoll (14 damage)
             ... on level 2 of the Dungeon.
             The game lasted 00:04:08 (2336 turns).

Kaptain the Digger (Octopode Earth Elementalist)    Turns: 2336, Time: 00:04:08

Health: -1/22      AC:  1    Str:  7    XL:     3   Next: 97%
Magic:  7/7        EV: 13    Int: 19    God:
Gold:   84         SH:  0    Dex: 12    Spells: 3/7 levels left

rFire   . . .      SeeInvis .   f - +0 dagger
rCold   . . .      Faith    .   (no shield)
rNeg    . . .      Spirit   .   (helmet restricted)
rPois   .          Reflect  .   (no amulet)
rElec   .          Harm     .   (no ring)
rCorr   .          Rampage  .   (no ring)
Will    .....                   (no ring)
Stlth   +++.......              (no ring)
HPRegen 0.07/turn               (no ring)
MPRegen 0.10/turn               (no ring)
                                (no ring)
                                (no ring)

@: no status effects
A: almost no armour, amphibious, 8 rings, camouflage 1, gelatinous body 1,
(nimble swimmer 1), tentacles
a: no special abilities


You were on level 2 of the Dungeon.
You visited 1 branch of the dungeon, and saw 2 of its levels.

You collected 84 gold pieces.

Inventory:

Hand Weapons
 f - a +0 dagger (weapon)
 k - a +0 spear
Missiles
 g - 11 stones
Scrolls
 a - 2 scrolls of blinking {unknown}
 b - a scroll of immolation {unknown}
 c - 2 scrolls of fog {unknown}
 d - 2 scrolls of holy word {unknown}
 e - a scroll of identify {unknown}
 h - 2 scrolls of teleportation {unknown}
 i - 3 scrolls of enchant weapon {unknown}
Potions
 j - a potion of ambrosia {unknown}


   Skills:
 + Level 0.9 Fighting
 + Level 2.3 Dodging
 + Level 3.3 Stealth
 * Level 2.7 Spellcasting
 - Level 1.0 Transmutations
 * Level 3.5 Earth Magic


You had 3 spell levels left.
You knew the following spells:

 Your Spells              Type           Power      Damage    Failure   Level
a - Sandblast             Erth           32%        2d9       3%          1
b - Stone Arrow           Conj/Erth      18%        3d8       22%         3

Your spell library contained the following spells:

 Spells                   Type           Power      Damage    Failure   Level
 Passwall                 Tmut/Erth      9%         N/A       10%         2
 Petrify                  Tmut/Erth      11%        N/A       52%         4


Dungeon Overview and Level Annotations

Branches:
Dungeon (2/15)

Altars:


Innate Abilities, Weirdness & Mutations

You cannot wear most types of armour.
You are amphibious.
You can wear up to eight rings at the same time.
Your skin changes colour to match your surroundings (Stealth+).
Your rubbery body absorbs attacks. (AC +1, EV +1)
((You are camouflaged when in or above water. (Stealth+)))
You have tentacles for arms and can constrict up to eight enemies at once.


Message History

The bat is moderately wounded.
The bat hits you. The bat closely misses you.
You hit the bat but do no damage. Your grab misses the bat.
Your squeeze misses the bat.
The bat is moderately wounded.
The bat misses you. The bat barely misses you. The bat completely misses you.
You barely miss the bat. You grab the bat.
The bat is moderately wounded.
You constrict the bat. The bat completely misses you.
The bat escapes!
The bat hits you but does no damage. The bat hits you.
You closely miss the bat. Your grab misses the bat.
The bat is severely wounded.
The bat barely misses you.
You hit the bat.
You kill the bat!
HP restored.
There is an escape hatch in the floor here.
A goblin comes into view. It is wielding a +0 dagger.
You hit the goblin but do no damage. You grab the goblin.
You constrict the goblin. The goblin barely misses you.
You hit the goblin.
The goblin is heavily wounded.
You constrict the goblin.
You kill the goblin!
Things that are here:
a +0 dagger; a goblin corpse
Things that are here:
a +0 dagger; a goblin corpse The gnoll shouts!
You hit the gnoll. You grab the gnoll. Your squeeze misses the gnoll.
The gnoll is lightly wounded.
You constrict the gnoll, but do no damage.
The gnoll hits you with a +0 flail!
You hit the gnoll.
The gnoll is lightly wounded.
You constrict the gnoll. The gnoll hits you with a +0 flail!
Ouch! That really hurt!
You die...

#...'........# #.##.....#.####
#.###........# #.##........#
##.############ #.##........#
......# #.##.....#..#
##.##.###########.##.....#..#
#.##.#........##........#..# #
#....'........#............## #
####.#........#.#####.......# #
#####.##'#######@#######.<.#.####
.................g......>........
...............#..###.##.....####
#####.##.##....#..# #.##.#......#
#..<...##....#..# #.##.#..###.#
#.####.###...#..###.####..###.#
#................#.............
#.#########.##..##........###..
###...........##..##.##..........


You could see a gnoll.

Vanquished Creatures
  A gnoll (D:2)
  A worm (D:2)
  3 endoplasms (D:1)
  A giant cockroach (D:1)
  6 goblins
  2 hobgoblins (D:1)
  6 jackals (D:1)
  2 kobolds (D:1)
  2 quokkas (D:1)
  8 ball pythons (D:1)
  3 bats
  3 frilled lizards (D:1)
  2 rats (D:1)
40 creatures vanquished.

Vanquished Creatures (others)
  4 plants (D:1)
4 creatures vanquished.

Grand Total: 44 creatures vanquished

Notes
Turn   | Place    | Note
-------+----------+-------------------------------------------
     0 | D:1      | Kaptain the Octopode Earth Elementalist began the quest for
                  | the Orb.
     0 | D:1      | Reached XP level 1. HP: 11/11 MP: 3/3
   355 | D:1      | Reached XP level 2. HP: 17/17 MP: 0/5
   800 | D:1      | Reached XP level 3. HP: 22/22 MP: 4/6
   804 | D:1      | Learned a level 3 spell: Stone Arrow
  2336 | D:2      | Slain by a gnoll

Illustrated notes

Levels and vault maps discovered:
D:1:      nzn_arrival_settlement, layout_loops_corners, serial_bayou,
          serial_bayou_pond_b, serial_bayou_lagoon_a, serial_bayou_ford_a,
          serial_bayou_lake_a
D:2:      layout_basic

Skill      XL: |  1  2 |
---------------+-------+-----
Stealth        | 3 |  3.3
Fighting       | |  0.9
Dodging        | |  2.3
Spellcasting   | |  2.7
Transmutations | |  1.0
Earth Magic    | |  3.5

Action                   || total
-------------------------++-------
Melee: Unarmed           ||     7
       Constrict         ||    12
       Tentacles         ||     6
       Dagger            ||    31
 Cast: Sandblast         ||    35
       Stone Arrow       ||     1
  Use: Potion            ||     2
 Stab: Sleeping          ||     8
Armor: Skin              ||     6
Dodge: Dodged            ||    39
